TOP OF THE 1ST |
Texas Rangers batting - Pitching for Los Angeles Dodgers : RHP Chris Archer
|
Pitching: RHP Chris Archer
|
|
Batting: LHB Ender Inciarte
|
0-0: Foul Ball, location: 2F 0-1: Ball 1-1: Ball 2-1: Ground out 4-3 (Groundball, 4)
|
Batting: SHB Cesar Hernandez
|
0-0: Called Strike 0-1: Ball 1-1: Swinging Strike 1-2: Ball 2-2: Strikes out swinging
|
Batting: LHB Joc Pederson
|
0-0: Ball 1-0: Called Strike 1-1: Foul Ball, location: 2F 1-2: Foul Ball, location: 2F 1-2: Fly out, F4 (Popup, 4S)
|
Top of the 1st over - 0 runs, 0 hits, 0 errors, 0 left on base; Texas 0 - Los Angeles 0 |
BOTTOM OF THE 1ST |
Los Angeles Dodgers batting - Pitching for Texas Rangers : LHP Alex Wood
|
Pitching: LHP Alex Wood
|
|
Batting: RHB Mookie Betts
|
0-0: Ball 1-0: SINGLE (Line Drive, 56D)
|
Batting: RHB Jose Peraza
|
0-0: Called Strike 0-1: Ball 1-1: Foul Ball, location: 2F 1-2: Fly out, F8 (Flyball, 78D)
|
Batting: RHB Josh Donaldson
|
0-0: Ball 1-0: Swinging Strike 1-1: Ball 2-1: Fly out, F7 (Flyball, 7D)
|
Batting: RHB Randal Grichuk
|
0-0: Ball 1-0: Ball 2-0: Fielders Choice at 2nd, 6-4 (Groundball, 6)
|
Bottom of the 1st over - 0 runs, 1 hit, 0 errors, 1 left on base; Texas 0 - Los Angeles 0 |
TOP OF THE 2ND |
Texas Rangers batting - Pitching for Los Angeles Dodgers : RHP Chris Archer
|
Batting: LHB Eric Thames
|
0-0: Called Strike 0-1: Foul Ball, location: 2F 0-2: Ball 1-2: Foul Ball, location: 2F 1-2: Strikes out swinging
|
Batting: SHB Jeimer Candelario
|
0-0: Ball 1-0: Called Strike 1-1: Ball 2-1: Ball 3-1: Foul Ball, location: 2F 3-2: SOLO HOME RUN (Flyball, 9D), Distance : 367 ft
|
Batting: RHB Andrelton Simmons
|
0-0: Ground out 6-3 (Groundball, 6)
|
Batting: LHB Miguel Montero
|
0-0: Swinging Strike 0-1: Ball 1-1: Foul Ball, location: 2F 1-2: Foul Ball, location: 2F 1-2: Ball 2-2: Strikes out looking
|
Top of the 2nd over - 1 run, 1 hit, 0 errors, 0 left on base; Texas 1 - Los Angeles 0 |
BOTTOM OF THE 2ND |
Los Angeles Dodgers batting - Pitching for Texas Rangers : LHP Alex Wood
|
Batting: RHB Evan Gattis
|
0-0: Ball 1-0: Ball 2-0: Ground out 4-3 (Groundball, 4)
|
Batting: LHB Brett Gardner
|
0-0: Bunt for hit to 15S - play at first, batter safe!
|
Batting: RHB Jonathan Schoop
|
0-0: Ball 1-0: Ball 2-0: Fly out, F8 (Line Drive, 8LM)
|
Batting: RHB David Freese
|
0-0: Foul Ball, location: 2F 0-1: Ball 1-1: Ball 2-1: Ball 3-1: Base on Balls Brett Gardner to second
|
Batting: RHB Chris Archer
|
0-0: Called Strike 0-1: Fielders Choice at 2nd, U4 (Groundball, 4M)
|
Bottom of the 2nd over - 0 runs, 1 hit, 0 errors, 2 left on base; Texas 1 - Los Angeles 0 |
TOP OF THE 3RD |
Texas Rangers batting - Pitching for Los Angeles Dodgers : RHP Chris Archer
|
Batting: RHB Jake Smolinski
|
0-0: Ball 1-0: Foul Ball, location: 2F 1-1: Ball 2-1: Ball 3-1: SINGLE (Groundball, 6D)
|
Batting: RHB Alex Wood
|
0-0: Sac Bunt to 13S - play at first, batter OUT! 1-4 Jake Smolinski to second
|
Batting: LHB Ender Inciarte
|
0-0: Ball 1-0: Called Strike 1-1: Called Strike 1-2: Ball 2-2: Ground out 5-3 (Groundball, 56)
|
Batting: SHB Cesar Hernandez
|
0-0: Called Strike 0-1: Ball 1-1: Ground out 6-3 (Groundball, 6)
|
Top of the 3rd over - 0 runs, 1 hit, 0 errors, 1 left on base; Texas 1 - Los Angeles 0 |
BOTTOM OF THE 3RD |
Los Angeles Dodgers batting - Pitching for Texas Rangers : LHP Alex Wood
|
Batting: RHB Mookie Betts
|
0-0: Ball 1-0: Ball 2-0: Ball 3-0: Base on Balls
|
Batting: RHB Jose Peraza
|
0-0: Ball 1-0: Foul Ball, location: 2F 1-1: Ball 2-1: Grounds into double play, 6-4-3 (Groundball, 6)
|
Batting: RHB Josh Donaldson
|
0-0: Ball 1-0: Foul Ball, location: 2F 1-1: Foul Ball, location: 2F 1-2: Ball 2-2: Fly out, F8 (Flyball, 78XD)
|
Bottom of the 3rd over - 0 runs, 0 hits, 0 errors, 0 left on base; Texas 1 - Los Angeles 0 |
TOP OF THE 4TH |
Texas Rangers batting - Pitching for Los Angeles Dodgers : RHP Chris Archer
|
Batting: LHB Joc Pederson
|
0-0: Ball 1-0: Ball 2-0: Ball 3-0: Base on Balls
|
Batting: LHB Eric Thames
|
0-0: Called Strike 0-1: Ball 1-1: Ball 2-1: Ball 3-1: Called Strike 3-2: Base on Balls Joc Pederson to second
|
Batting: SHB Jeimer Candelario
|
0-0: Ball 1-0: Foul Ball, location: 2F 1-1: Foul Ball, location: 2F 1-2: Foul Ball, location: 2F 1-2: Ball 2-2: Fly out, F5 (Line Drive, 5)
|
Batting: RHB Andrelton Simmons
|
0-0: Ball 1-0: Ball 2-0: Ball 3-0: Called Strike 3-1: Base on Balls Joc Pederson to third Eric Thames to second
|
Batting: LHB Miguel Montero
|
0-0: Ball 1-0: Called Strike 1-1: Foul Ball, location: 2F 1-2: Strikes out swinging
|
Batting: RHB Jake Smolinski
|
0-0: Fly out, F7 (Flyball, 7D)
|
Top of the 4th over - 0 runs, 0 hits, 0 errors, 3 left on base; Texas 1 - Los Angeles 0 |
BOTTOM OF THE 4TH |
Los Angeles Dodgers batting - Pitching for Texas Rangers : LHP Alex Wood
|
Batting: RHB Randal Grichuk
|
0-0: Fly out, F8 (Flyball, 8LS)
|
Batting: RHB Evan Gattis
|
0-0: Foul Ball, location: 2F 0-1: Ball 1-1: Foul Ball, location: 2F 1-2: Foul Ball, location: 2F 1-2: DOUBLE (Groundball, 5L)
|
Batting: LHB Brett Gardner
|
0-0: Called Strike 0-1: Ball 1-1: Ground out 5-3 (Groundball, 5L)
|
Batting: RHB Jonathan Schoop
|
0-0: Called Strike 0-1: Ball Wild Pitch! Evan Gattis to third 1-1: Ball 2-1: Fly out, F7 (Flyball, 7)
|
Bottom of the 4th over - 0 runs, 1 hit, 0 errors, 1 left on base; Texas 1 - Los Angeles 0 |
TOP OF THE 5TH |
Texas Rangers batting - Pitching for Los Angeles Dodgers : RHP Chris Archer
|
Batting: RHB Alex Wood
|
0-0: Ball 1-0: Ball 2-0: Ball 3-0: Called Strike 3-1: Foul Ball, location: 2F 3-2: Ground out 5-3 (Groundball, 5L)
|
Batting: LHB Ender Inciarte
|
0-0: Ball 1-0: Ball 2-0: Ball 3-0: Called Strike 3-1: Foul Ball, location: 2F 3-2: Base on Balls
|
Batting: SHB Cesar Hernandez
|
0-0: Ball Ender Inciarte is caught stealing 2nd base 2-6 1-0: Swinging Strike 1-1: Ground out 1-3 (Groundball, 13)
|
Top of the 5th over - 0 runs, 0 hits, 0 errors, 0 left on base; Texas 1 - Los Angeles 0 |
BOTTOM OF THE 5TH |
Los Angeles Dodgers batting - Pitching for Texas Rangers : LHP Alex Wood
|
Batting: RHB David Freese
|
0-0: Called Strike 0-1: Ball 1-1: Ball 2-1: Ball 3-1: Base on Balls
|
Batting: RHB Chris Archer
|
0-0: Ball 1-0: Sac Bunt to 2R - play at second, runner OUT! 2-6
|
Batting: RHB Mookie Betts
|
0-0: Ball 1-0: Ball 2-0: Ball 3-0: Called Strike 3-1: Fly out, F8 (Flyball, 8LD)
|
Batting: RHB Jose Peraza
|
0-0: Ball 1-0: Called Strike 1-1: SINGLE (Line Drive, 8RS) Chris Archer to second
|
Batting: RHB Josh Donaldson
|
0-0: Ball 1-0: SINGLE (Line Drive, 7S) Chris Archer to third Jose Peraza to second
|
Batting: RHB Randal Grichuk
|
0-0: Ball 1-0: SINGLE (Line Drive, 7LS) Chris Archer scores Jose Peraza to third Josh Donaldson to second Runner from 3rd tries for Home, SAFE, no throw by LF
|
Batting: RHB Evan Gattis
|
0-0: Ball 1-0: Swinging Strike 1-1: Ball 2-1: Foul Ball, location: 2F 2-2: Foul Ball, location: 2F 2-2: Foul Ball, location: 2F 2-2: Ball 3-2: SINGLE (Line Drive, 6MD) Josh Donaldson to third Randal Grichuk to second Josh Donaldson scores Randal Grichuk to third
|
Batting: LHB Brett Gardner
|
0-0: Foul Ball, location: 2F 0-1: Ball 1-1: Fly out, F7 (Flyball, 7LMF)
|
Bottom of the 5th over - 3 runs, 4 hits, 0 errors, 2 left on base; Texas 1 - Los Angeles 3 |
TOP OF THE 6TH |
Texas Rangers batting - Pitching for Los Angeles Dodgers : RHP Chris Archer
|
Batting: LHB Joc Pederson
|
0-0: Foul Ball, location: 2F 0-1: SINGLE (Line Drive, 3D)
|
Batting: LHB Eric Thames
|
0-0: Called Strike 0-1: Ball 1-1: Ball 2-1: Ball 3-1: Base on Balls Joc Pederson to second
|
Pitching: RHP Jonathan Holder
|
|
Batting: SHB Jeimer Candelario
|
0-0: Swinging Strike 0-1: Ball 1-1: Swinging Strike 1-2: SINGLE (Line Drive, 56D) Joc Pederson to third Eric Thames to second
|
Batting: RHB Andrelton Simmons
|
0-0: Called Strike 0-1: Swinging Strike 0-2: Ball 1-2: Foul Ball, location: 2F 1-2: Grounds into fielders choice 1-2 (Groundball, 34S) Eric Thames to third Jeimer Candelario to second
|
Batting: LHB Miguel Montero
|
0-0: Ball 1-0: Swinging Strike 1-1: Foul Ball, location: 2F 1-2: Foul Ball, location: 2F 1-2: Foul Ball, location: 2F 1-2: Ball 2-2: Ball 3-2: Foul Ball, location: 2F 3-2: Foul Ball, location: 2F 3-2: Foul Ball, location: 2F 3-2: Foul Ball, location: 2F 3-2: Foul Ball, location: 2F 3-2: Base on Balls Eric Thames scores Jeimer Candelario to third Andrelton Simmons to second
|
Pitching: RHP Scott Oberg
|
|
Now at C: Tony Wolters
|
|
Batting: RHB Jake Smolinski
|
0-0: Fly out, F8 (Line Drive, 8RD) Runner from 3rd tags up, SCORES, throw by CF
|
Batting: RHB Alex Wood
|
0-0: Ball 1-0: Swinging Strike 1-1: Foul Ball, location: 2F 1-2: Foul Ball, location: 2F 1-2: Strikes out swinging
|
Top of the 6th over - 2 runs, 2 hits, 0 errors, 2 left on base; Texas 3 - Los Angeles 3 |
BOTTOM OF THE 6TH |
Los Angeles Dodgers batting - Pitching for Texas Rangers : LHP Alex Wood
|
Batting: RHB Jonathan Schoop
|
0-0: Foul Ball, location: 2F 0-1: Called Strike 0-2: Ground out 5-3 (Groundball, 56)
|
Batting: RHB David Freese
|
0-0: Foul Ball, location: 2F 0-1: Ball 1-1: Ball 2-1: Called Strike 2-2: Foul Ball, location: 2F 2-2: Fly out, F7 (Line Drive, 7D)
|
Batting: LHB Tony Wolters
|
0-0: Foul Ball, location: 2F 0-1: Ground out 5-3 (Groundball, 5)
|
Bottom of the 6th over - 0 runs, 0 hits, 0 errors, 0 left on base; Texas 3 - Los Angeles 3 |
TOP OF THE 7TH |
Texas Rangers batting - Pitching for Los Angeles Dodgers : RHP Scott Oberg
|
Batting: LHB Ender Inciarte
|
0-0: Reached on error, E5 (Groundball, 56)
|
Batting: SHB Cesar Hernandez
|
0-0: Ball 1-0: Bunted foul 1-1: Ground out 5-3 (Groundball, 56) Ender Inciarte to second
|
Batting: LHB Joc Pederson
|
0-0: Foul Ball, location: 2F 0-1: Swinging Strike 0-2: Strikes out swinging
|
Batting: LHB Eric Thames
|
0-0: Ball 1-0: Ball 2-0: Ball 3-0: Called Strike 3-1: Called Strike 3-2: Base on Balls
|
Batting: SHB Jeimer Candelario
|
0-0: Ball 1-0: Called Strike 1-1: Foul Ball, location: 2F 1-2: Ball 2-2: Fly out, F9 (Flyball, 9LSF)
|
Top of the 7th over - 0 runs, 0 hits, 1 error, 2 left on base; Texas 3 - Los Angeles 3 |
BOTTOM OF THE 7TH |
Los Angeles Dodgers batting - Pitching for Texas Rangers : LHP Alex Wood
|
Pitching: RHP Will Harris
|
|
Batting: RHB Mookie Betts
|
0-0: Ball 1-0: Swinging Strike 1-1: DOUBLE (Groundball, 5L)
|
Batting: RHB Jose Peraza
|
0-0: Called Strike 0-1: Ball 1-1: Swinging Strike 1-2: Fly out, F6 (Popup, 6)
|
Batting: RHB Josh Donaldson
|
0-0: Intentional Walk
|
Batting: RHB Randal Grichuk
|
0-0: Foul Ball, location: 2F 0-1: Fly out, F9 (Line Drive, 9)
|
Pinch Hitting: SHB Wilmer Difo
|
0-0: Called Strike 0-1: SINGLE (Flyball, 9S) Mookie Betts to third Josh Donaldson to second Runner from 3rd tries for Home, SAFE, throw by RF to home
|
Now in RF: Jefry Marte
|
|
Batting: LHB Brett Gardner
|
0-0: Ball 1-0: Ball 2-0: Called Strike 2-1: Ball 3-1: Fielders Choice at 2nd, 6-4 (Groundball, 6)
|
Bottom of the 7th over - 1 run, 2 hits, 0 errors, 2 left on base; Texas 3 - Los Angeles 4 |
TOP OF THE 8TH |
Texas Rangers batting - Pitching for Los Angeles Dodgers : RHP Scott Oberg
|
Pitching: RHP Jacob Barnes
|
|
Batting: RHB Andrelton Simmons
|
0-0: Foul Ball, location: 2F 0-1: Ball 1-1: Fly out, F8 (Flyball, 8LM)
|
Batting: LHB Miguel Montero
|
0-0: Ball 1-0: Ball 2-0: Foul Ball, location: 2F 2-1: Foul Ball, location: 2F 2-2: Strikes out looking
|
Batting: RHB Jefry Marte
|
0-0: Ball 1-0: Ball 2-0: Ball 3-0: Called Strike 3-1: Foul Ball, location: 2F 3-2: Foul Ball, location: 2F 3-2: Strikes out looking
|
Top of the 8th over - 0 runs, 0 hits, 0 errors, 0 left on base; Texas 3 - Los Angeles 4 |
BOTTOM OF THE 8TH |
Los Angeles Dodgers batting - Pitching for Texas Rangers : RHP Will Harris
|
Pitching: RHP Trevor Hildenberger
|
|
Batting: RHB Jonathan Schoop
|
0-0: Swinging Strike 0-1: Foul Ball, location: 2F 0-2: Ball 1-2: Fly out, F8 (Flyball, 78M)
|
Batting: RHB David Freese
|
0-0: Foul Ball, location: 2F 0-1: Foul Ball, location: 2F 0-2: Strikes out swinging
|
Batting: LHB Tony Wolters
|
0-0: Ball 1-0: Ground out 3-1 (Groundball, 34)
|
Bottom of the 8th over - 0 runs, 0 hits, 0 errors, 0 left on base; Texas 3 - Los Angeles 4 |
TOP OF THE 9TH |
Texas Rangers batting - Pitching for Los Angeles Dodgers : RHP Jacob Barnes
|
Pinch Hitting: SHB Asdrubal Cabrera
|
0-0: Foul Ball, location: 2F 0-1: Ball 1-1: Ball 2-1: Ball 3-1: Called Strike 3-2: Strikes out swinging
|
Pitching: RHP Cody Allen
|
|
Batting: LHB Ender Inciarte
|
0-0: Swinging Strike 0-1: Ball 1-1: Foul Ball, location: 2F 1-2: Fly out, F8 (Line Drive, 8LM)
|
Batting: SHB Cesar Hernandez
|
0-0: Ball 1-0: Foul Ball, location: 2F 1-1: Foul Ball, location: 2F 1-2: Ball 2-2: Strikes out swinging
|
Top of the 9th over - 0 runs, 0 hits, 0 errors, 0 left on base; Texas 3 - Los Angeles 4 |
|